 Dungeon Crawl Stone Soup version 0.26-a0-667-g92642533e4 (webtiles) character file.

Game seed: 13652186792240641209

17 spooktacular the Cudgeler (level 2, -11/43 HPs)
             Began as a Troll Berserker on Oct 16, 2020.
             Was a Follower of Trog.
             Killed from afar by a kobold (20 damage)
             ... with an exploding inner flame
             ... hexed by the player character
             ... on level 2 of the Dungeon.
             The game lasted 00:06:57 (314 turns).

spooktacular the Cudgeler (Troll Berserker)          Turns: 314, Time: 00:07:01

Health: -11/43     AC:  8    Str: 24    XL:     2   Next: 44%
Magic:  1/1        EV: 10    Int:  3    God:    Trog [*.....]
Gold:   20         SH:  0    Dex:  9    Spells: 1/1 levels left

rFire    . . .     SeeInvis .   a - +0 mace
rCold    . . .     Faith    .   (no shield)
rNeg     . . .     Spirit   .   b - +0 animal skin
rPois    .         Reflect  .   c - +2 hat
rElec    .         Harm     .   (no cloak)
rCorr    .         Rampage  .   (gloves unavailable)
MR       .....                  (boots unavailable)
Stlth    ..........             (no amulet)
HPRegen  0.54/turn              (no ring)
MPRegen  0.07/turn              (no ring)

@: berserking, very quick
A: large, unfitting armour, claws 3, regeneration 1, shaggy fur 1, tough skin 3
a: Berserk, Renounce Religion


You were on level 2 of the Dungeon.
You worshipped Trog.
Trog was aware of your devotion.
You visited 1 branch of the dungeon, and saw 2 of its levels.

You collected 20 gold pieces.

Inventory:

Hand Weapons
 a - a +0 mace (weapon)
 d - a +0 club
 e - a cursed -2 club
Missiles
 g - 3 large rocks (quivered)
Armour
 b - a +0 animal skin (worn)
 c - a +2 hat (worn)
Scrolls
 h - a scroll of fear {unknown}
 i - a scroll of amnesia {unknown}


   Skills:
 + Level 2.6 Fighting
 + Level 3.0 Maces & Flails
 + Level 2.7 Dodging


You had one spell level left.
You didn't know any spells.
Your spell library was empty.

Dungeon Overview and Level Annotations

Branches:
Dungeon (2/15)

Altars:

Annotations:
D:2 Robin


Innate Abilities, Weirdness & Mutations

You are too large for most types of armour.
You have claws for hands.
Your natural rate of healing is unusually fast.
You are covered in fur. (AC +1)
You have extremely tough skin. (AC +3)


Message History

Okay, then.
Press: ? - help, v - describe, . - travel The floor.
Press: ? - help, v - describe, . - travel The floor.
A red film seems to cover your vision as you go berserk!
You feel yourself moving faster!
You feel mighty!
A goblin comes into view. It is wielding a +0 club.
The goblin barely misses you.
You closely miss the goblin.
Robin of the Strong Arm comes into view.
They are wielding a +0 spear.
The goblin hits you.
* * * LOW HITPOINT WARNING * * *
Robin shouts!
You thump the goblin!
The goblin explodes!
The fiery explosion engulfs the kobold!!!
The kobold explodes!
The fiery explosion engulfs you!!
You die...

........# .# #....
........# ##.# ...gg
....#...## ...# #g....
.........## #.. .>.g...
..........# #.###.g.# ..
..........###.#.....#...
...............§§§§.....
................§§§.....
...............§@)g.....
....##..........§§§....#
...#......#..####....#..
..##.###....## #......
.....# ##.#.# ...... .#
#.... .[.... . .....
.....


You could see Robin and 5 goblins.

Vanquished Creatures
  2 leopard geckos
  A giant cockroach (D:1)
  5 hobgoblins
  A kobold (D:1)
  A ball python (D:1)
  2 bats
  A frilled lizard (D:1)
  A rat (D:1)
14 creatures vanquished.

Notes
Turn   | Place    | Note
-------+----------+-------------------------------------------
     0 | D:1      | spooktacular the Troll Berserker began the quest for the
                  | Orb.
     0 | D:1      | Reached XP level 1. HP: 22/22 MP: 0/0
   133 | D:1      | Reached XP level 2. HP: 26/29 MP: 1/1
   259 | D:2      | Reached skill level 3 in Maces & Flails
   313 | D:2      | Noticed Robin
   314 | D:2      | Killed from afar by a kobold

Illustrated notes

Levels and vault maps discovered:
D:1:      eino_arrival_water_cross, layout_basic
D:2:      layout_rooms, okawaru_gym_becter, uniq_robin

Skill      XL: |  1  2 |
---------------+-------+-----
Maces & Flails | 3 |  3.0
Fighting       | |  2.6
Dodging        | |  2.7

Action                   || total
-------------------------++-------
Melee: Mace              ||    51
Invok: Berserk           ||     2
  Use: Scroll            ||     1
Armor: Animal skin       ||    43
Dodge: Dodged            ||    46

Table legend: (Time is in decaauts)
 A = Elapsed time spent in this place.
 B = Non-inter-level travel time spent in this place.
 C = Inter-level travel time spent in this place.
 D = Time resting spent in this place.
 E = Time spent auto-exploring this place.
 F = Levels seen in this place.
 G = Mean time per level.
                   A        B        C        D        E       F      G
               +--------+--------+--------+--------+--------+-----+--------+
         Total |    337 |    337 |      0 |      0 |      0 |   2 |  168.5 |
       Dungeon |    337 |    337 |      0 |      0 |      0 |   2 |  168.5 |
               +--------+--------+--------+--------+--------+-----+--------+

Top non-repeatable levels by time:
     D:1: 275 daAuts
     D:2: 62 daAuts
